 Dungeon Crawl Stone Soup version 0.21.1-1-g345015fe64 (webtiles) character file.

359 Peloso the Covered (level 6, 0/53 HPs)
             Began as a Minotaur Fighter on June 3, 2018.
             Slain by an orc warrior
             ... wielding a +0 trident
              (4 damage)
             ... on level 7 of the Dungeon.
             The game lasted 00:08:32 (3408 turns).

Peloso the Covered (Minotaur Fighter)               Turns: 3408, Time: 00:08:33

Health: 0/53       AC:  8    Str: 26    XL:     6   Next: 37%
Magic:  5/5        EV:  8    Int:  5    God:
Gold:   119        SH: 10    Dex: 11    Spells: 5/5 levels left

rFire    . . .     SeeInvis .   a - +0 long sword
rCold    . . .     Gourm    .   c - +0 shield
rNeg     . . .     Faith    .   b - +0 scale mail
rPois    .         Spirit   .   (helmet restricted)
rElec    .         Reflect  .   (no cloak)
rCorr    .         Harm     .   (no gloves)
MR       +....                  g - +0 pair of boots
Stlth    ..........             (no amulet)
HPRegen  0.17/turn              k - ring of protection from magic
MPRegen  0.09/turn              (no ring)

@: mighty, lethally poisoned (0 -> -6)
A: retaliatory headbutt, horns 2
a: no special abilities


You were on level 7 of the Dungeon.
You were very hungry.

You visited 1 branch of the dungeon, and saw 5 of its levels.

You collected 119 gold pieces.

Inventory:

Hand Weapons
 a - a +0 long sword (weapon)
Armour
 b - a +0 scale mail (worn)
 c - a +0 shield (worn)
 g - a +0 pair of boots (worn)
Jewellery
 k - a ring of protection from magic (left hand)
 t - an uncursed amulet of rage
Wands
 l - a wand of flame (49)
 v - a wand of scattershot (5)
Scrolls
 e - a scroll of teleportation {unknown}
 h - a scroll of enchant weapon {unknown}
 o - 2 scrolls of identify {unknown}
 q - a scroll of remove curse {unknown}
 s - a scroll of fog {unknown}
 w - a scroll of magic mapping {unknown}
Potions
 i - a potion of mutation {unknown}
 j - 2 potions of haste {unknown}
 m - 3 potions of curing {unknown}
 n - 2 potions of cancellation {unknown}
 p - 2 potions of heal wounds {unknown}
 r - a potion of magic {unknown}
 u - 4 potions of degeneration {unknown}
 x - a potion of invisibility {unknown}
Books
 y - a book of Flames

   Spells                             Type                      Level
   a - Flame Tongue                   Conjuration/Fire             1
   b - Throw Flame                    Conjuration/Fire             2
   c - Conjure Flame                  Conjuration/Fire             3
   d - Inner Flame                    Hexes/Fire                   3
   e - Sticky Flame                   Conjuration/Fire             4
   f - Fireball                       Conjuration/Fire             5
Comestibles
 f - 6 rations


   Skills:
 + Level 4.7 Fighting
 + Level 4.9 Long Blades
 + Level 5.5 Armour
 + Level 1.1 Dodging
 + Level 0.6 Stealth
 + Level 5.0 Shields


You had 5 spell levels left.
You didn't know any spells.

Dungeon Overview and Level Annotations

Branches:
Dungeon (4/15)
 Temple: D:4-7

Altars:
Elyvilon
Fedhas
Qazlal
Trog


Innate Abilities, Weirdness & Mutations

You reflexively headbutt those who attack you in melee.
You have a pair of horns on your head.


Message History

You block the orc warrior's attack.
You completely miss the orc warrior.
The orc warrior is moderately wounded.
The orc closely misses you.
You closely miss the orc priest.
The orc warrior hits you with a trident!!
You block the orc's attack.
The orc priest hits you but does no damage.
The orc warrior hits you but does no damage.
You slash the orc priest!
You kill the orc priest!
You block the orc's attack.
The orc warrior hits you with a trident!
* * * LOW HITPOINT WARNING * * *
The orc warrior barely misses you. You block the orc's attack.
The orc hits you from afar with a trident of venom.
* * * LOW HITPOINT WARNING * * *
You are lethally poisoned!
The orc warrior hits you from afar with a trident.
You die... o

.. .o# ### #.#
#.# #.# #@#
#.####)#
#...oo# #.....#
##...## #..##
###..##
####.....#####.
..............#


You could see an orc warrior and an orc.

Vanquished Creatures
  A scorpion (D:4)
  3 orc priests
  A centaur skeleton (D:4)
  Ijyb (D:3)
  Terence (D:2)
  7 adders
  2 worms
  2 dart slugs (D:1)
  2 leopard geckos
  9 orcs
  3 ball pythons
  3 giant cockroaches
  3 hobgoblins
  3 jackals (D:4)
  2 quokkas
  3 bats
  6 frilled lizards
  6 goblins
  5 kobolds
  5 rats
68 creatures vanquished.

Vanquished Creatures (others)
  5 toadstools (D:1)
5 creatures vanquished.

Grand Total: 73 creatures vanquished

Notes
Turn   | Place    | Note
-------+----------+-------------------------------------------
     0 | D:1      | Peloso the Minotaur Fighter began the quest for the Orb.
     0 | D:1      | Reached XP level 1. HP: 19/19 MP: 0/0
   255 | D:1      | Reached XP level 2. HP: 27/27 MP: 1/1
   892 | D:2      | Reached XP level 3. HP: 33/33 MP: 2/2
   907 | D:2      | Noticed Terence
   916 | D:2      | Killed Terence
  1255 | D:2      | Reached XP level 4. HP: 15/40 MP: 3/3
  1680 | D:3      | Found a bloodstained altar of Trog.
  1914 | D:3      | Reached XP level 5. HP: 47/47 MP: 4/4
  1941 | D:3      | Reached skill level 5 in Armour
  2092 | D:3      | Found a white marble altar of Elyvilon.
  2113 | D:3      | Found a blossoming altar of Fedhas.
  2311 | D:3      | Found a stormy altar of Qazlal.
  2340 | D:3      | Noticed Ijyb
  2353 | D:3      | Killed Ijyb
  2915 | D:4      | Reached skill level 1 in Dodging
  2924 | D:4      | Reached XP level 6. HP: 25/53 MP: 5/5
  3262 | D:4      | Reached skill level 5 in Shields
  3374 | D:4      | You fall through a shaft for 3 floors!
  3386 | D:7      | Noticed an orc warrior
  3408 | D:7      | Slain by an orc warrior

Skill      XL: |  1  2  3  4  5  6 |
---------------+-------------------+-----
Shields        | 4 5 |  5.0
Armour         | 4 5 |  5.5
Fighting       | 4 |  4.7
Long Blades    | 3 4 |  4.9
Dodging        | 1 |  1.1
Stealth        | |  0.6

Action                   |  1- 3 |  4- 6 || total
-------------------------+-------+-------++-------
Melee: Long sword        |    77 |   126 ||   203
       Headbutt          |     9 |    25 ||    34
  Use: Potion            |       |     1 ||     1
  Eat: Chunk             |       |     7 ||     7
Armor: Scale mail        |    35 |    50 ||    85
Dodge: Dodged            |    18 |    42 ||    60
Block: Shield            |    54 |    68 ||   122
       Rpst.: Long sword |     7 |     9 ||    16
